Description

You can't do it an all maps. The map need to have 2 things :

  • Natural expand easy to cannon rush
  • Small main base

VOD

https://youtu.be/6LyhAburLjs

Replay - ItsByun v llllllllllll - Ever Dream LE

Build Order

Get SALT Encoding   

  12  0:01  Probe  
  13  0:13  Probe (Chrono Boost)  
  14  0:17  Pylon  
  14  0:25  Probe (Chrono Boost)  
  15  0:33  Probe (Chrono Boost)  
  16  0:38  Forge  
  16  0:59  Pylon  
  16  1:17  Photon Cannon x2  
  16  1:20  Pylon  
  16  1:25  Pylon  
  16  1:35  Pylon  
  15  1:54  Photon Cannon x3  
  15  2:09  Photon Cannon  
  15  2:17  Photon Cannon  
  15  2:25  Photon Cannon  
  15  2:35  Photon Cannon  
Spawning Tool Build Advisor. Get it on Overwolf

Go to:

Details

  • Created by: zuka      
  • Published on: Mar 16, 2020
  • Patch: 4.11.0
Show
View Real Time Build Order
Export as new Build Order

Comments (0)

There are no comments. Be the first!

Create an account to comment!